 Dungeon Crawl Stone Soup version 0.22-a0-469-gf26638a (webtiles) character file.

37 4thArraOfDagon the Chopper (level 3, 0/34 HPs)
             Began as a Deep Dwarf Monk on June 12, 2018.
             Killed by divine providence
             ... invoked by an orc priest
              (6 damage)
             ... on level 4 of the Dungeon.
             The game lasted 00:01:40 (295 turns).

4thArraOfDagon the Chopper (Deep Dwarf Monk)         Turns: 295, Time: 00:01:41

Health: 0/34       AC:  3    Str: 14    XL:     3   Next: 23%
Magic:  3/3        EV: 14    Int: 11    God:
Gold:   13         SH:  0    Dex: 15    Spells: 2/2 levels left

rFire    . . .     SeeInvis .   e - +2 flail (crush)
rCold    . . .     Gourm    .   (no shield)
rNeg     . . .     Faith    .   b - +0 robe
rPois    .         Spirit   .   f - +0 helmet
rElec    .         Reflect  .   (no cloak)
rCorr    .         Harm     .   (no gloves)
MR       .....                  (no boots)
Stlth    ++........             (no amulet)
HPRegen  0.00/turn              (no ring)
MPRegen  0.08/turn              (no ring)

@: non-regenerating
A: damage resistance, heal wounds, sense surroundings 1, no regeneration
a: Heal Wounds


You were on level 4 of the Dungeon.
You were not hungry.

You visited 1 branch of the dungeon, and saw 4 of its levels.

You collected 13 gold pieces.

Inventory:

Hand Weapons
 a - a +0 hand axe
 e - a +2 flail of crushing (weapon)
Armour
 b - a +0 robe (worn)
 d - a +2 buckler of reflection
 f - a +0 helmet (worn)
Comestibles
 c - a ration


   Skills:
 + Level 3.0 Fighting
 * Level 4.1 Axes
 + Level 3.7 Dodging
 - Level 2.4 Stealth


You had 2 spell levels left.
You didn't know any spells.
Your spell library was empty.

Dungeon Overview and Level Annotations

Branches:
Dungeon (4/15)
 Temple: D:4-7

Altars:

Annotations:
D:4 Eustachio, Sigmund


Innate Abilities, Weirdness & Mutations

You are resistant to damage.
You can heal yourself by infusing magical energy.
You passively map a small area around you.
You do not regenerate.


Message History

An orc priest comes into view. It is wielding a falchion.
An orc comes into view. It is wielding a dagger.
The orc throws a tomahawk.
The tomahawk closely misses you.
The orc moves out of view.
Sigmund shouts!
Found a scroll labeled UTWIKIJUA and a tomahawk.
Unknown command.
Unknown command.
The orc priest shouts!
An adder comes into view.
The orc throws a tomahawk.
The tomahawk hits you but does no damage.
The adder moves out of view.
You see here a tomahawk.
The orc shouts!
You see here a tomahawk.
An ogre comes into view. It is wielding a giant club.
The orc priest invokes the aid of Beogh against you.
Beogh smites you!
You die...

,*, ,, ,
.., , * #.#
* , #.# ,.
#.# .# # ,
#.# ,..#.#
##.###....#
##...#....#
, *
#...@..#,,
#....### *
#..#..# * ,
* #...O##.#
,**, ,
#.##. #o##
** * *..,
..*#(o# , ,
,* , ## *##
##.## #o.#,
, ##(#,, ,


You could see an ogre (sleeping), an orc priest and 2 orcs.

Vanquished Creatures
  Ijyb (D:4)
  An adder skeleton (D:4)
  A worm (D:3)
  An orc (D:4)
  2 jackals (D:4)
  A goblin (D:2)
7 creatures vanquished.

Notes
Turn   | Place    | Note
-------+----------+-------------------------------------------
     0 | D:1      | 4thArraOfDagon the Deep Dwarf Monk began the quest for the Orb.
     0 | D:1      | Reached XP level 1. HP: 20/20 MP: 1/1
   196 | D:4      | Reached XP level 2. HP: 25/27 MP: 2/2
   239 | D:4      | Noticed Eustachio
   241 | D:4      | Noticed Ijyb
   247 | D:4      | Noticed a crimson imp
   259 | D:4      | Paralysed by Ijyb for 2 turns
   264 | D:4      | Paralysed by Ijyb for 2 turns
   268 | D:4      | Killed Ijyb
   268 | D:4      | Reached skill level 4 in Axes
   268 | D:4      | Reached XP level 3. HP: 28/34 MP: 3/3
   286 | D:4      | Noticed Sigmund
   294 | D:4      | Noticed an ogre
   295 | D:4      | Killed from afar by an orc priest

Vault maps used:
D:1:      dpeg_arrival_three_bigger_balls, minmay_misc_feat_ornament
D:2:      makhleb_grotto_becter
D:3:      hangedman_decor_diamond_cutter
D:4:      kennysheep_generic_room_13, uniq_sigmund, uniq_pikel, uniq_duvessa,
          uniq_crazy_yiuf_cottage, uniq_eustachio, uniq_ijyb

Skill      XL: |  1  2 |
---------------+-------+-----
Fighting       | 3 |  3.0
Axes           | 4 |  4.1
Dodging        | |  3.7
Stealth        | |  2.4

Action                   || total
-------------------------++-------
Melee: Hand axe          ||    28
       Flail             ||    29
 Abil: Heal Wounds       ||     3
  Use: Scroll            ||     3
Armor: Robe              ||     6
Dodge: Dodged            ||    47

Table legend:
 A = Spawn XP
 B = Non-spawn XP
 C = Spawn XP percentage of total XP
 D = Spawn monster count
 E = Non-spawn monster count
 F = Spawn count percentage of total count
 G = Total turns spent on level
                    A         B        C        D         E        F      G
               +---------+---------+-------+---------+---------+-------+---------
         Total |       0 |      54 |   0.0 |       0 |       7 |   0.0 |   295
               +---------+---------+-------+---------+---------+-------+---------
           D:2 |       0 |       1 |   0.0 |       0 |       1 |   0.0 |    74
           D:3 |       0 |       5 |   0.0 |       0 |       1 |   0.0 |    87
           D:4 |       0 |      48 |   0.0 |       0 |       5 |   0.0 |   115
               +---------+---------+-------+---------+---------+-------+---------
